AoeStats
← BulldoG'

Black Forest

509194258Analyzed
4v4 RM · 7d ago on Sep 25, 2026· 20m 23s· 8 players
Game mode
Random Map
Map size
Large (8 player)
Population
200
Speed
Normal
Resources
Standard
Victory
Conquest
Starting age
Dark Age
Ending age
Imperial Age
RankedLock teamsTeams togetherTeam positionsShared explorationLock speedFull tech treeHidden civsTurbo modeCheats
Victory
Defeat
🇫🇷 Britons · France
760
+14
🇹🇷 Byzantines · Türkiye
704
+17
🇦🇷 Persians · Argentina
688
+17
635
+19
🇬🇧 Bohemians · United Kingdom
843
-21
🇨🇳 Danes · China
804
-20
🇦🇷 Britons · Argentina
634
-14
🇹🇷 Franks · Türkiye
583
-12
benjiwoo
4:55 Loom
10:20 Feudal Age
10:58 Double-Bit Axe
20:03 Castle Age
JuaniiHalls
1:19 Loom
11:21 Feudal Age
14:41 Gold Mining
15:04 Man-at-Arms
15:44 Double-Bit Axe
17:06 Town Watch
17:56 Wheelbarrow
20:04 Stone Mining
I MISS HER
12:47 Feudal Age
13:12 Double-Bit Axe
15:59 Gold Mining
20:05 Castle Age
Buffy the Empire Slayer
0:44 Loom
15:24 Feudal Age
alvpergal
1:01 Loom
14:14 Feudal Age
20:48 Castle Age
20:17 Double-Bit Axe
20:19 Horse Collar
BulldoG'
0:30 Loom
杰哥真棒
0:32 Loom
11:48 Feudal Age
17:09 Castle Age
15:35 Double-Bit Axe
17:33 Wheelbarrow
18:29 Bow Saw
18:36 Gambesons
18:53 Squires
Pikothh
13:33 Feudal Age
Connection lost

Rejoining the realm…

Still unreachable

The connection could not be restored.

Session expired

The server has moved on; the page needs a fresh start.